General information
- name: BNet
- type: Ladder team game (AT/RT)
- host: Battle.net
- saver: BEAR_AND
map: UpperKingdom
- players: 6
- length: 50:22
- speed: Fast
- version: 1.26 W3XP
- replay type:

» download(354 KB)
Players
team 1 (loser)
Belinea10 (
pink | 67 APM | 1525 actions | 22:50)
4 Death Knight
2 Death Coil
2 Unholy Aura
4 Lich
2 Frost Nova
2 Frost Armor
» actions
| Assign group hotkey | 23 | |
| Build / train | 62 | |
| Enter build submenu | 23 | |
| Enter hero's abilities submenu | 8 | |
| Give item / drop item | 3 | |
| Remove unit from queue | 2 | |
| Right click | 748 | |
| Select / deselect | 251 | |
| Select group hotkey | 353 | |
| Use ability | 52 | |
1525 total
» units
| Acolyte | 17 | |
| Ghoul | 4 | |
| Crypt Fiend | 8 | |
| Obsidian Statue | 4 | |
| Frost Wyrm | 3 | |
36 total
» upgrades
| Creature Attack | 2 | |
| Creature Carapace | 1 | |
| Web | 1 | |
| Burrow | 1 | |
| Destroyer Form | 1 | |
| Freezing Breath | 1 | |
7 total
» buildings
| Graveyard | 1 | |
| Crypt | 2 | |
| Ziggurat | 10 | |
| Altar of Darkness | 1 | |
| Tomb of Relics | 1 | |
| Nerubian Tower | 2 | |
| Halls of the Dead | 1 | |
| Slaughterhouse | 1 | |
| Black Citadel | 1 | |
| Sacrificial Pit | 1 | |
| Boneyard | 3 | |
24 total
» build order
00:07 Graveyard
00:12 Crypt
00:14 Crypt
00:39 Ziggurat
00:50 Altar of Darkness
01:03 Tomb of Relics
01:51 Ziggurat
02:23 Nerubian Tower
05:03 Halls of the Dead
05:18 Ziggurat
06:26 Ziggurat
07:47 Slaughterhouse
09:49 Ziggurat
10:38 Black Citadel
11:21 Sacrificial Pit
13:10 Boneyard
13:16 Boneyard
13:32 Boneyard
14:34 Ziggurat
14:35 Ziggurat
15:37 Ziggurat
16:04 Nerubian Tower
17:53 Ziggurat
17:55 Ziggurat
» items
| Dust of Appearance | 2 | |
| Rod of Necromancy | 1 | |
3 total
duflo (
yellow | 40 APM | 2027 actions | 50:21)
4 Tauren Chieftain
2 Endurance Aura
1 War Stomp
1 Shockwave
2 Shadow Hunter
1 Hex
1 Healing Wave
» actions
| Assign group hotkey | 15 | |
| Basic commands | 25 | |
| Build / train | 133 | |
| Enter build submenu | 20 | |
| Enter hero's abilities submenu | 7 | |
| Remove unit from queue | 11 | |
| Right click | 904 | |
| Select / deselect | 661 | |
| Select group hotkey | 169 | |
| Use ability | 81 | |
2027 total
» units
| Peon | 21 | |
| Grunt | 9 | |
| Troll Witch Doctor | 4 | |
| Demolisher | 26 | |
| Wind Rider | 11 | |
| Shaman | 2 | |
| Tauren | 10 | |
| Kodo Beast | 2 | |
| Frost Wyrm | 5 | |
| Obsidian Statue | 2 | |
| Acolyte | 4 | |
96 total
» upgrades
| Pillage | 1 | |
| Armor | 2 | |
| Berserker Strength | 1 | |
| Witch Doctor Training | 2 | |
| Shaman Training | 2 | |
| Burning Oil | 1 | |
| War Drums Damage Increase | 1 | |
| Pulverize | 1 | |
| Creature Attack | 1 | |
| Creature Carapace | 1 | |
13 total
» buildings
| Altar of Storms | 1 | |
| Orc Burrow | 8 | |
| Barracks | 2 | |
| War Mill | 1 | |
| Stronghold | 1 | |
| Spirit Lodge | 1 | |
| Voodoo Lounge | 1 | |
| Beastiary | 1 | |
| Great Hall | 1 | |
| Fortress | 1 | |
| Tauren Totem | 1 | |
| Spirit Tower | 1 | |
20 total
» build order
00:05 Altar of Storms
00:09 Orc Burrow
00:37 Barracks
01:47 Orc Burrow
02:47 War Mill
03:50 Stronghold
05:02 Orc Burrow
06:50 Spirit Lodge
07:02 Voodoo Lounge
08:33 Orc Burrow
09:30 Beastiary
09:53 Great Hall
11:50 Orc Burrow
12:27 Fortress
17:13 Tauren Totem
23:57 Orc Burrow
23:59 Orc Burrow
24:01 Orc Burrow
39:56 Spirit Tower
49:37 Barracks
» items

»
Gold-Destructor (
red | 74 APM | 3740 actions | 50:19)
4 Demon Hunter
2 Mana Burn
1 Immolation
1 Evasion
1 Death Knight
1 Death Coil
2 Lich
1 Frost Nova
1 Death and Decay
» actions
| Basic commands | 2 | |
| Build / train | 138 | |
| ESC pressed | 1 | |
| Enter build submenu | 22 | |
| Enter hero's abilities submenu | 7 | |
| Remove unit from queue | 6 | |
| Right click | 2624 | |
| Select / deselect | 845 | |
| Use ability | 95 | |
3740 total
» units
| Wisp | 27 | |
| Archer | 4 | |
| Huntress | 9 | |
| Druid of the Claw | 21 | |
| Hippogryph | 7 | |
| Chimaera | 15 | |
| Glaive Thrower | 13 | |
| Crypt Fiend | 5 | |
| Acolyte | 1 | |
| Magnataur Warrior | 1 | |
| Polar Furbolg Shaman | 2 | |
| Blue Dragonspawn Meddler | 1 | |
| Barbed Arachnathid | 5 | |
| Frost Wyrm | 2 | |
113 total
» upgrades
| Strength of the Wild | 2 | |
| Druid of the Claw Training | 2 | |
| Corrosive Breath | 1 | |
| Vorpal Blades | 1 | |
6 total
» buildings
| Altar of Elders | 1 | |
| Moon Well | 8 | |
| Ancient of War | 1 | |
| Hunter's Hall | 1 | |
| Tree of Ages | 1 | |
| Ancient of Wonders | 1 | |
| Ancient of Lore | 2 | |
| Tree of Eternity | 2 | |
| Ancient of Wind | 1 | |
| Chimaera Roost | 1 | |
| Ancient Protector | 1 | |
| Tree of Life | 2 | |
22 total
» build order
00:14 Altar of Elders
00:17 Moon Well
00:54 Ancient of War
01:48 Moon Well
02:56 Hunter's Hall
04:25 Moon Well
05:11 Tree of Ages
05:22 Moon Well
05:28 Ancient of Wonders
08:12 Ancient of Lore
08:34 Tree of Eternity
08:34 Tree of Eternity
08:46 Ancient of Lore
12:02 Ancient of Wind
13:20 Moon Well
13:24 Moon Well
15:55 Chimaera Roost
16:00 Ancient Protector
17:17 Moon Well
17:51 Moon Well
19:54 Tree of Life
32:06 Tree of Life
» items
| Moonstone | 1 | |
| Dust of Appearance | 1 | |
2 total
team 2 (winner)
BEAR_AND (
purple | 129 APM | 6482 actions | 50:22)
6 Warden
3 Shadow Strike
3 Blink
7 Pandaren Brewmaster
3 Breath of Fire
3 Drunken Haze
1 Storm Earth and Fire
» actions
| Assign group hotkey | 13 | |
| Basic commands | 33 | |
| Build / train | 91 | |
| Enter build submenu | 29 | |
| Enter hero's abilities submenu | 13 | |
| Give item / drop item | 5 | |
| Right click | 4608 | |
| Select / deselect | 444 | |
| Select group hotkey | 975 | |
| Use ability | 271 | |
6482 total
» units
» upgrades
| Ultravision | 1 | |
| Nature's Blessing | 1 | |
| Strength of the Wild | 3 | |
| Reinforced Hides | 3 | |
| Well Spring | 1 | |
| Corrosive Breath | 1 | |
10 total
» buildings
| Altar of Elders | 1 | |
| Moon Well | 26 | |
| Tree of Life | 6 | |
| Hunter's Hall | 1 | |
| Tree of Ages | 1 | |
| Tree of Eternity | 1 | |
| Ancient of Wind | 1 | |
| Chimaera Roost | 4 | |
41 total
» build order
00:16 Altar of Elders
00:26 Moon Well
01:27 Moon Well
05:24 Tree of Life
05:35 Moon Well
05:39 Moon Well
05:39 Moon Well
06:49 Tree of Life
07:02 Hunter's Hall
07:04 Moon Well
07:27 Tree of Ages
08:36 Moon Well
08:38 Moon Well
08:42 Moon Well
10:17 Tree of Eternity
10:40 Tree of Life
10:48 Tree of Life
10:56 Ancient of Wind
12:30 Moon Well
12:40 Chimaera Roost
12:40 Chimaera Roost
13:02 Chimaera Roost
13:02 Chimaera Roost
13:32 Tree of Life
27:45 Moon Well
27:46 Moon Well
27:47 Moon Well
27:47 Moon Well
27:48 Moon Well
27:49 Moon Well
30:15 Tree of Life
41:37 Moon Well
41:38 Moon Well
41:39 Moon Well
41:40 Moon Well
41:42 Moon Well
41:43 Moon Well
42:24 Moon Well
43:09 Moon Well
43:11 Moon Well
43:17 Moon Well
» items
| Healing Salve | 6 | |
| Lesser Clarity Potion | 6 | |
| Orb of Lightning | 2 | |
| Scroll of Town Portal | 1 | |
| Staff of Sanctuary | 2 | |
17 total
MyLiegeCyrus (
green | 123 APM | 6194 actions | 50:22)
7 Archmage
3 Blizzard
3 Brilliance Aura
1 Mass Teleport
5 Blood Mage
3 Flame Strike
2 Siphon Mana
5 Pit Lord
3 Rain of Fire
2 Cleaving Attack
» actions
| Assign group hotkey | 267 | |
| Basic commands | 47 | |
| Build / train | 147 | |
| Enter build submenu | 175 | |
| Enter hero's abilities submenu | 17 | |
| Give item / drop item | 1 | |
| Right click | 2918 | |
| Select / deselect | 555 | |
| Select group hotkey | 1688 | |
| Use ability | 379 | |
6194 total
» units
» upgrades
| Masonry | 3 | |
| Lumber Harvesting | 2 | |
| Magic Sentry | 1 | |
6 total
» buildings
| Altar of Kings | 1 | |
| Farm | 7 | |
| Lumber Mill | 1 | |
| Scout Tower | 202 | |
| Arcane Tower | 11 | |
| Guard Tower | 76 | |
| Keep | 1 | |
| Arcane Vault | 7 | |
| Castle | 1 | |
| Arcane Sanctum | 1 | |
| Town Hall | 2 | |
310 total
» build order
00:05 Altar of Kings
00:19 Farm
00:51 Lumber Mill
01:08 Scout Tower
01:28 Scout Tower
01:30 Scout Tower
01:34 Farm
01:51 Scout Tower
01:54 Arcane Tower
01:55 Scout Tower
02:08 Arcane Tower
02:17 Scout Tower
02:26 Scout Tower
02:31 Arcane Tower
02:33 Scout Tower
02:34 Guard Tower
02:39 Scout Tower
02:44 Farm
02:56 Scout Tower
02:56 Guard Tower
03:06 Guard Tower
03:07 Scout Tower
03:17 Arcane Tower
03:18 Guard Tower
03:21 Scout Tower
03:27 Scout Tower
03:28 Scout Tower
03:30 Guard Tower
03:36 Scout Tower
03:37 Guard Tower
03:42 Scout Tower
03:42 Guard Tower
04:12 Scout Tower
04:13 Arcane Tower
04:16 Scout Tower
04:17 Arcane Tower
04:23 Scout Tower
04:23 Scout Tower
04:24 Guard Tower
04:26 Scout Tower
04:27 Guard Tower
05:19 Scout Tower
05:21 Scout Tower
05:22 Guard Tower
05:23 Guard Tower
05:24 Scout Tower
05:28 Scout Tower
05:30 Scout Tower
05:33 Keep
05:39 Scout Tower
05:40 Guard Tower
06:48 Guard Tower
06:49 Scout Tower
06:55 Arcane Vault
06:58 Scout Tower
06:59 Scout Tower
07:03 Arcane Vault
07:06 Guard Tower
07:10 Scout Tower
07:11 Guard Tower
07:23 Scout Tower
07:24 Guard Tower
07:25 Guard Tower
08:03 Scout Tower
08:04 Guard Tower
08:06 Scout Tower
08:06 Guard Tower
08:12 Scout Tower
08:24 Scout Tower
08:27 Scout Tower
08:29 Scout Tower
08:30 Scout Tower
08:35 Farm
08:42 Guard Tower
08:45 Guard Tower
08:47 Scout Tower
09:04 Guard Tower
09:10 Scout Tower
10:34 Scout Tower
10:35 Guard Tower
10:36 Guard Tower
10:37 Guard Tower
10:39 Scout Tower
10:40 Scout Tower
10:41 Castle
10:50 Scout Tower
10:52 Scout Tower
10:56 Arcane Sanctum
11:07 Scout Tower
11:08 Guard Tower
11:35 Guard Tower
11:41 Scout Tower
11:54 Guard Tower
11:56 Scout Tower
12:39 Guard Tower
12:43 Scout Tower
12:44 Scout Tower
12:48 Guard Tower
12:51 Scout Tower
13:33 Guard Tower
13:36 Scout Tower
13:49 Farm
13:50 Farm
13:52 Farm
14:00 Guard Tower
14:04 Scout Tower
14:04 Scout Tower
14:25 Scout Tower
14:29 Arcane Vault
14:50 Guard Tower
14:56 Scout Tower
15:05 Guard Tower
16:06 Scout Tower
16:07 Scout Tower
16:07 Scout Tower
16:08 Scout Tower
16:09 Guard Tower
16:09 Guard Tower
17:01 Scout Tower
17:02 Scout Tower
17:30 Guard Tower
18:30 Scout Tower
19:19 Guard Tower
19:23 Town Hall
19:29 Scout Tower
19:29 Scout Tower
19:30 Scout Tower
19:31 Scout Tower
19:31 Scout Tower
19:32 Scout Tower
19:37 Scout Tower
19:37 Scout Tower
19:40 Scout Tower
19:41 Scout Tower
19:41 Scout Tower
19:42 Scout Tower
19:43 Scout Tower
19:44 Scout Tower
19:46 Arcane Vault
19:51 Scout Tower
19:51 Scout Tower
20:02 Scout Tower
20:03 Scout Tower
20:22 Guard Tower
20:37 Guard Tower
20:42 Scout Tower
20:43 Scout Tower
20:44 Scout Tower
21:02 Scout Tower
21:03 Scout Tower
21:04 Guard Tower
21:06 Guard Tower
21:09 Arcane Vault
21:11 Scout Tower
21:12 Scout Tower
21:25 Scout Tower
21:27 Scout Tower
21:29 Scout Tower
21:57 Guard Tower
21:58 Scout Tower
21:59 Scout Tower
22:05 Scout Tower
22:06 Scout Tower
22:08 Guard Tower
22:18 Scout Tower
22:20 Scout Tower
22:21 Scout Tower
22:31 Scout Tower
22:31 Scout Tower
22:32 Scout Tower
22:32 Scout Tower
22:37 Scout Tower
22:39 Scout Tower
22:41 Scout Tower
22:48 Guard Tower
23:28 Scout Tower
23:30 Guard Tower
23:32 Scout Tower
23:34 Arcane Tower
23:43 Scout Tower
24:07 Guard Tower
24:12 Scout Tower
24:13 Scout Tower
24:14 Scout Tower
24:15 Scout Tower
24:17 Scout Tower
24:17 Scout Tower
24:18 Scout Tower
24:19 Scout Tower
24:22 Scout Tower
24:22 Scout Tower
24:34 Scout Tower
24:37 Scout Tower
24:38 Scout Tower
25:34 Scout Tower
25:35 Guard Tower
25:43 Guard Tower
25:48 Guard Tower
25:51 Scout Tower
25:52 Scout Tower
27:18 Scout Tower
27:18 Scout Tower
27:19 Scout Tower
27:20 Scout Tower
27:23 Scout Tower
27:24 Scout Tower
27:25 Scout Tower
27:26 Scout Tower
27:27 Scout Tower
27:27 Scout Tower
27:28 Scout Tower
27:29 Scout Tower
27:37 Scout Tower
27:38 Scout Tower
27:39 Scout Tower
27:40 Arcane Tower
28:21 Arcane Tower
28:24 Arcane Vault
28:35 Scout Tower
28:35 Scout Tower
28:37 Guard Tower
29:53 Town Hall
29:54 Guard Tower
29:57 Scout Tower
29:59 Scout Tower
29:59 Scout Tower
30:00 Scout Tower
30:01 Scout Tower
30:01 Scout Tower
30:33 Guard Tower
30:39 Scout Tower
30:40 Scout Tower
30:41 Scout Tower
30:42 Scout Tower
30:42 Scout Tower
30:43 Scout Tower
30:48 Scout Tower
30:52 Scout Tower
30:56 Scout Tower
31:01 Scout Tower
31:03 Scout Tower
31:06 Scout Tower
31:07 Scout Tower
31:14 Guard Tower
31:17 Scout Tower
31:17 Scout Tower
31:18 Scout Tower
31:19 Scout Tower
31:24 Guard Tower
31:28 Scout Tower
31:30 Scout Tower
31:32 Scout Tower
31:32 Scout Tower
31:48 Guard Tower
32:37 Guard Tower
32:41 Scout Tower
32:42 Scout Tower
32:44 Scout Tower
32:44 Scout Tower
32:45 Scout Tower
32:46 Scout Tower
34:08 Guard Tower
34:11 Scout Tower
34:14 Guard Tower
34:20 Arcane Tower
34:46 Guard Tower
34:56 Scout Tower
35:05 Arcane Tower
35:08 Guard Tower
35:38 Guard Tower
35:54 Scout Tower
36:24 Scout Tower
36:33 Scout Tower
36:49 Scout Tower
36:52 Scout Tower
36:53 Scout Tower
36:55 Arcane Vault
36:57 Scout Tower
36:57 Scout Tower
36:58 Scout Tower
36:59 Scout Tower
37:27 Guard Tower
37:36 Guard Tower
37:56 Scout Tower
37:57 Scout Tower
37:58 Scout Tower
38:29 Guard Tower
38:56 Guard Tower
39:20 Guard Tower
39:20 Guard Tower
39:22 Scout Tower
39:25 Scout Tower
39:26 Scout Tower
39:39 Guard Tower
39:53 Guard Tower
40:26 Guard Tower
40:27 Scout Tower
40:29 Scout Tower
40:30 Scout Tower
40:33 Scout Tower
40:47 Guard Tower
40:49 Scout Tower
40:50 Scout Tower
40:50 Scout Tower
41:56 Guard Tower
42:26 Scout Tower
42:27 Scout Tower
43:33 Guard Tower
46:39 Guard Tower
» items
| Staff of Sanctuary | 3 | |
| Scroll of Regeneration | 1 | |
| Orb of Lightning | 3 | |
| Scroll of Town Portal | 2 | |
| Healing Salve | 1 | |
10 total
nutsonyochin.de (
blue | 82 APM | 4117 actions | 50:22)
8 Blademaster
3 Wind Walk
3 Critical Strike
1 Bladestorm
1 Mirror Image
» actions
| Assign group hotkey | 16 | |
| Basic commands | 5 | |
| Build / train | 59 | |
| ESC pressed | 10 | |
| Enter build submenu | 288 | |
| Enter hero's abilities submenu | 8 | |
| Give item / drop item | 3 | |
| Right click | 2329 | |
| Select / deselect | 388 | |
| Select group hotkey | 606 | |
| Use ability | 405 | |
4117 total
» units
» upgrades
| Spiked Barricades | 1 | |
| Liquid Fire | 1 | |
| Ranged Weapons | 3 | |
| Reinforced Defenses | 1 | |
| Armor | 3 | |
9 total
» buildings
| Altar of Storms | 1 | |
| Orc Burrow | 3 | |
| War Mill | 1 | |
| Watch Tower | 266 | |
| Voodoo Lounge | 5 | |
| Stronghold | 1 | |
| Beastiary | 2 | |
| Fortress | 1 | |
| Great Hall | 2 | |
282 total
» build order
00:04 Altar of Storms
00:16 Orc Burrow
00:23 War Mill
01:37 Watch Tower
01:54 Watch Tower
02:11 Orc Burrow
02:41 Watch Tower
03:01 Voodoo Lounge
03:05 Watch Tower
03:11 Watch Tower
03:15 Watch Tower
03:45 Watch Tower
04:10 Watch Tower
04:21 Stronghold
04:46 Watch Tower
04:50 Watch Tower
04:51 Watch Tower
04:58 Voodoo Lounge
05:00 Voodoo Lounge
05:01 Voodoo Lounge
05:06 Watch Tower
05:19 Watch Tower
05:49 Watch Tower
06:20 Watch Tower
06:25 Watch Tower
06:48 Beastiary
06:48 Beastiary
07:02 Watch Tower
07:10 Watch Tower
07:10 Watch Tower
07:28 Orc Burrow
07:45 Watch Tower
07:52 Voodoo Lounge
08:20 Watch Tower
08:51 Watch Tower
09:32 Watch Tower
09:34 Fortress
10:09 Watch Tower
10:10 Watch Tower
10:39 Watch Tower
10:44 Watch Tower
10:45 Watch Tower
11:19 Watch Tower
11:57 Watch Tower
12:28 Watch Tower
13:28 Watch Tower
13:34 Watch Tower
14:51 Watch Tower
14:53 Watch Tower
15:56 Watch Tower
15:56 Watch Tower
16:06 Watch Tower
16:07 Watch Tower
16:45 Great Hall
17:09 Watch Tower
17:17 Watch Tower
17:32 Watch Tower
17:33 Watch Tower
18:16 Watch Tower
18:25 Watch Tower
18:27 Watch Tower
18:45 Watch Tower
18:46 Watch Tower
18:49 Watch Tower
19:21 Watch Tower
19:33 Watch Tower
19:36 Watch Tower
19:52 Watch Tower
19:52 Watch Tower
19:53 Watch Tower
19:59 Watch Tower
20:28 Watch Tower
20:39 Watch Tower
20:44 Watch Tower
20:57 Watch Tower
20:59 Watch Tower
21:03 Watch Tower
21:20 Watch Tower
21:21 Watch Tower
21:22 Watch Tower
21:35 Watch Tower
21:39 Watch Tower
21:55 Watch Tower
22:07 Watch Tower
22:10 Watch Tower
22:28 Watch Tower
22:29 Watch Tower
22:36 Watch Tower
22:40 Watch Tower
23:09 Watch Tower
23:14 Watch Tower
23:29 Watch Tower
23:30 Watch Tower
23:37 Watch Tower
23:38 Watch Tower
23:41 Watch Tower
23:46 Watch Tower
24:16 Watch Tower
24:20 Watch Tower
24:41 Watch Tower
24:42 Watch Tower
24:46 Watch Tower
24:49 Watch Tower
24:50 Watch Tower
24:51 Watch Tower
25:24 Watch Tower
25:27 Watch Tower
25:55 Watch Tower
25:57 Watch Tower
25:58 Watch Tower
26:07 Watch Tower
26:08 Watch Tower
26:09 Watch Tower
27:08 Watch Tower
27:13 Watch Tower
27:15 Watch Tower
27:15 Watch Tower
27:17 Watch Tower
27:29 Watch Tower
27:33 Watch Tower
27:35 Watch Tower
28:21 Watch Tower
28:23 Watch Tower
28:56 Watch Tower
28:57 Watch Tower
28:58 Watch Tower
28:59 Watch Tower
28:59 Watch Tower
29:08 Watch Tower
29:26 Watch Tower
29:27 Watch Tower
30:06 Watch Tower
30:06 Watch Tower
30:07 Watch Tower
30:07 Watch Tower
30:08 Watch Tower
30:15 Watch Tower
30:34 Watch Tower
30:35 Watch Tower
31:14 Watch Tower
31:14 Watch Tower
31:15 Watch Tower
31:16 Watch Tower
31:16 Watch Tower
31:18 Watch Tower
31:19 Watch Tower
31:19 Watch Tower
31:27 Watch Tower
31:27 Watch Tower
31:28 Watch Tower
31:29 Watch Tower
31:30 Watch Tower
31:39 Watch Tower
31:40 Watch Tower
31:51 Watch Tower
32:36 Watch Tower
32:36 Watch Tower
32:37 Watch Tower
32:38 Watch Tower
32:44 Watch Tower
32:45 Watch Tower
32:46 Watch Tower
32:47 Watch Tower
33:54 Watch Tower
33:54 Watch Tower
33:55 Watch Tower
33:56 Watch Tower
33:57 Watch Tower
33:58 Watch Tower
34:01 Watch Tower
34:18 Watch Tower
35:14 Watch Tower
35:15 Watch Tower
35:15 Watch Tower
35:22 Watch Tower
36:20 Watch Tower
36:20 Watch Tower
36:21 Watch Tower
36:26 Watch Tower
37:30 Watch Tower
37:31 Watch Tower
37:31 Watch Tower
37:33 Watch Tower
38:35 Watch Tower
38:36 Watch Tower
38:37 Watch Tower
38:40 Watch Tower
38:58 Watch Tower
39:42 Watch Tower
39:42 Watch Tower
39:43 Watch Tower
39:50 Watch Tower
40:30 Watch Tower
40:30 Watch Tower
40:31 Watch Tower
40:31 Watch Tower
40:49 Watch Tower
40:50 Watch Tower
40:50 Watch Tower
40:54 Watch Tower
41:00 Watch Tower
41:36 Watch Tower
41:47 Watch Tower
41:48 Watch Tower
41:49 Watch Tower
41:49 Watch Tower
41:57 Watch Tower
41:59 Watch Tower
42:00 Watch Tower
42:03 Watch Tower
42:20 Watch Tower
42:59 Watch Tower
42:59 Watch Tower
43:00 Watch Tower
43:01 Watch Tower
43:04 Watch Tower
43:08 Watch Tower
43:09 Watch Tower
43:10 Watch Tower
43:11 Watch Tower
43:49 Watch Tower
43:50 Watch Tower
43:50 Watch Tower
43:51 Watch Tower
44:02 Great Hall
44:04 Watch Tower
44:05 Watch Tower
44:06 Watch Tower
44:07 Watch Tower
44:11 Watch Tower
44:11 Watch Tower
44:12 Watch Tower
44:13 Watch Tower
44:19 Watch Tower
44:39 Watch Tower
45:13 Watch Tower
45:14 Watch Tower
45:15 Watch Tower
45:21 Watch Tower
45:22 Watch Tower
45:23 Watch Tower
45:23 Watch Tower
45:39 Watch Tower
45:43 Watch Tower
45:43 Watch Tower
45:44 Watch Tower
45:45 Watch Tower
45:50 Watch Tower
46:40 Watch Tower
46:40 Watch Tower
46:41 Watch Tower
46:41 Watch Tower
46:46 Watch Tower
46:52 Watch Tower
46:52 Watch Tower
46:53 Watch Tower
46:54 Watch Tower
46:55 Watch Tower
47:23 Watch Tower
47:50 Watch Tower
48:02 Watch Tower
48:02 Watch Tower
48:03 Watch Tower
48:06 Watch Tower
48:07 Watch Tower
48:14 Watch Tower
48:16 Watch Tower
48:17 Watch Tower
48:54 Watch Tower
49:00 Watch Tower
49:06 Watch Tower
49:07 Watch Tower
49:11 Watch Tower
49:12 Watch Tower
49:13 Watch Tower
49:32 Watch Tower
49:34 Watch Tower
50:04 Watch Tower
50:15 Watch Tower
50:16 Watch Tower
50:18 Watch Tower
50:19 Watch Tower
» items
| Healing Salve | 1 | |
| Lesser Clarity Potion | 2 | |
| Potion of Healing | 1 | |
| Orb of Lightning | 1 | |
5 total
Chat log
(00:47 / All) nutsonyochin.de: Hi Al
(00:59 / All) BEAR_AND: FROM
(01:07 / All) Gold-Destructor: gl hf
(01:07 / All) duflo: ninja island
(01:08 / All) Belinea10: play xD
(01:10 / All) Gold-Destructor: fr
(04:02 / All) BEAR_AND: yellow
(04:07 / All) BEAR_AND: whats your favorite game
(04:07 / All) duflo: ?
(04:11 / All) BEAR_AND: cause it sure isn't war3
(04:23 / All) duflo: it'smy begin in bnet^^
(04:29 / All) BEAR_AND: yes it is
(04:30 / All) BEAR_AND: yes
(04:31 / All) BEAR_AND: it
(04:31 / All) BEAR_AND: isa
(06:35 / All) BEAR_AND: lmao
(17:23 / All) MyLiegeCyrus: duflo
(17:24 / All) MyLiegeCyrus: you suck
(17:31 / All) MyLiegeCyrus: please stop
(17:32 / All) duflo: lol
(17:45 / All) duflo: blue suck to
(20:44 / All) duflo: blue srsly --
(20:53 / All) MyLiegeCyrus: duflo
(20:54 / All) MyLiegeCyrus: Please
(20:57 / All) MyLiegeCyrus: we want a fun game
(20:59 / All) MyLiegeCyrus: so get better
(21:07 / All) duflo: say that at blue
(21:43 / All) MyLiegeCyrus: but blue is dominating you
(21:49 / All) duflo: lol
(22:50 / All) BEAR_AND: francefelde
(22:59 / All) nutsonyochin.de: 1 sec pls
(25:40 / All) MyLiegeCyrus: yellow leave :( you ruin this game
(30:52 / All) duflo: nab pussy x)
(30:58 / All) BEAR_AND: want me 2 die??
(31:08 / All) BEAR_AND: creeps killed my hero, you couldn't
(31:09 / All) duflo: bha useless
(36:07 / All) nutsonyochin.de: GG
(37:19 / All) MyLiegeCyrus: DUFLOO
(37:20 / All) MyLiegeCyrus: Owned by blue
(37:21 / All) MyLiegeCyrus: Lol
(37:30 / All) duflo: noob tech <<
(37:32 / All) BEAR_AND: your whole army...
(37:41 / All) BEAR_AND: every single unit
(38:38 / All) MyLiegeCyrus: DUFLOOO
(38:42 / All) MyLiegeCyrus: Naaab :;DDDD
(38:49 / All) duflo: lol
(38:58 / All) MyLiegeCyrus: welcome... to hell
(39:11 / All) duflo: to pussyland x)
(39:18 / All) nutsonyochin.de: =d
(40:09 / All) MyLiegeCyrus: PINK NOOOB
(42:08 / All) MyLiegeCyrus: yellow hello
(42:14 / All) MyLiegeCyrus: duflo owned by blue..
(42:23 / All) duflo: zzz
(42:28 / All) MyLiegeCyrus: yeah
(42:30 / All) MyLiegeCyrus: boring game
(42:31 / All) MyLiegeCyrus: you too bad
(42:32 / All) MyLiegeCyrus: I told you
(42:43 / All) duflo: boring cuz of u
(45:16 / All) MyLiegeCyrus: duflo
(45:18 / All) MyLiegeCyrus: catapults
(45:22 / All) MyLiegeCyrus: have more range than towers
(45:25 / All) MyLiegeCyrus: you dont need to get shot
(45:28 / All) MyLiegeCyrus: do you understand?
(45:29 / All) nutsonyochin.de: your name rhymes with you blow
(45:31 / Allies) nutsonyochin.de: did you know this
(47:15 / All) MyLiegeCyrus: duflo why didn't you win this game :(
(47:32 / All) duflo: because i don't use noob technic
(48:06 / All) duflo: i think i have honorable opponent
(48:15 / All) duflo: but i'm wrong
(49:00 / All) MyLiegeCyrus: there is honor
(49:01 / All) MyLiegeCyrus: In towers
(49:51 / All) MyLiegeCyrus: what happened
(49:53 / All) BEAR_AND: its just hero
(49:55 / All) MyLiegeCyrus: to your chimerabird